 Dungeon Crawl Stone Soup version 0.20.1-1-g8b1a95d (webtiles) character file.

3574 Gremour the Carver (level 9, -8/79 HPs)
             Began as a Minotaur Fighter on Nov 13, 2017.
             Was a Believer of Qazlal.
             Mangled by a two-headed ogre
             ... wielding a +0 giant club
              (13 damage)
             ... on level 8 of the Dungeon on Nov 14, 2017.
             The game lasted 00:42:07 (8827 turns).

Gremour the Carver (Minotaur Fighter)               Turns: 8827, Time: 00:42:08

Health: -8/79      AC: 12    Str: 21    XL:     9   Next: 84%
Magic:  8/8        EV: 11    Int:  5    God:    Qazlal [**....]
Gold:   395        SH: 12    Dex: 13    Spells: 8/8 levels left

rFire    . . .     SeeInvis .   a - +1 long sword
rCold    . . .     Gourm    .   p - +1 buckler {AC+3}
rNeg     + . .     Faith    .   M - +3 leather armour
rPois    .         Spirit   .   (helmet restricted)
rElec    .         Reflect  +   L - +0 cloak {MR+}
rCorr    .         Harm     .   K - +0 pair of gloves
MR       +....                  (no boots)
Stlth    +.........             x - +3 amulet of reflection
Regen    0.3/turn               A - ring of positive energy
MPRegen  0.2/turn               (no ring)

@: no status effects
A: retaliatory headbutt, horns 2
a: Upheaval, Renounce Religion


You were on level 8 of the Dungeon.
You worshipped Qazlal.
Qazlal was pleased with you.
You were not hungry.

You visited 2 branches of the dungeon, and saw 9 of its levels.
You also visited: Ossuary.

You collected 395 gold pieces.

Inventory:

Hand Weapons
 a - a +1 long sword (weapon)
 F - a +2 shortbow of velocity
Missiles
 j - 12 tomahawks (quivered)
 G - 73 arrows
Armour
 b - a +0 scale mail
 c - a +0 shield
 p - a +1 buckler of protection (worn)
 K - a +0 pair of gloves (worn)
 L - a +0 cloak of magic resistance (worn)
 M - a +3 leather armour (worn)
Jewellery
 x - a +3 amulet of reflection (around neck)
 A - a ring of positive energy (left hand)
Wands
 v - a wand of confusion (31/48)
 y - a wand of lightning (2/15)
 E - a wand of random effects (29/48)
 I - a wand of random effects (20/48)
 Q - a wand of iceblast (13/15)
Scrolls
 g - 3 scrolls of teleportation
 i - 7 scrolls of identify
 k - 3 scrolls of amnesia
 n - 2 scrolls of fear
 u - 6 scrolls of remove curse
 D - a scroll of blinking
 H - a scroll of holy word {unknown}
 O - a scroll of summoning {unknown}
Potions
 d - 3 potions of might
 e - 2 potions of lignification
 l - 3 potions of curing
 m - 2 potions of mutation
 o - 3 potions of resistance {unknown}
 r - a potion of heal wounds {unknown}
 s - 3 potions of degeneration {unknown}
 t - a potion of ambrosia {unknown}
 z - 4 potions of agility {unknown}
 B - a potion of haste
 C - a potion of cancellation {unknown}
Books
 w - a book of Cantrips

   Spells                             Type                      Level
   a - Confusing Touch                Hexes                        1
   b - Animate Skeleton               Necromancy                   1
   c - Summon Small Mammal            Summoning                    1
   d - Apportation                    Translocation                1
 P - a book of Flames

   Spells                             Type                      Level
   a - Flame Tongue                   Conjuration/Fire             1
   b - Throw Flame                    Conjuration/Fire             2
   c - Conjure Flame                  Conjuration/Fire             3
   d - Inner Flame                    Hexes/Fire                   3
   e - Sticky Flame                   Conjuration/Fire             4
   f - Fireball                       Conjuration/Fire             5
Comestibles
 f - 5 bread rations
 h - 4 royal jellies
 q - 3 meat rations
 J - 2 fruits
 N - 7 chunks of flesh


   Skills:
 * Level 7.0 Fighting
 + Level 13.8 Long Blades
 + Level 5.6 Armour
 + Level 6.3 Shields


You had 8 spell levels left.
You didn't know any spells.

Dungeon Overview and Level Annotations

Branches:
Dungeon (8/15)             Temple (1/1) D:6
   Lair: D:8-11

Altars:
Ashenzari
Cheibriados
Dithmenos
Elyvilon
Fedhas
Gozag
Hepliaklqana
Kikubaaqudgha
Makhleb
Nemelex Xobeh
Okawaru
Qazlal
Ru
Sif Muna
Trog
Uskayaw
Vehumet
Xom
Yredelemnul
Zin
The Shining One

Shops:
D:4 *


Innate Abilities, Weirdness & Mutations

You reflexively headbutt those who attack you in melee.
You have a pair of horns on your head.


Message History

You headbutt the two-headed ogre.
The two-headed ogre is severely wounded.
You block the two-headed ogre's attack.
The two-headed ogre hits you with a giant club!
You barely miss the two-headed ogre.
The two-headed ogre is severely wounded.
You hit the two-headed ogre.
Your headbutt misses the two-headed ogre.
The two-headed ogre is severely wounded.
The two-headed ogre misses you. You furiously retaliate!
You headbutt the two-headed ogre.
The two-headed ogre hits you with a giant club!
* * * LOW HITPOINT WARNING * * *
You hit the two-headed ogre but do no damage.
The two-headed ogre is almost dead.
You feel better.
The two-headed ogre hits you with a giant club!!
* * * LOW HITPOINT WARNING * * *
The two-headed ogre hits you with a giant club!
You die...

# #. ....###.# .# #.....#. ..
....... #.### ..... ....# ....
#.#.# .o# #.#<# #O# #..
###.#.###### #@# #.# #..........#
##'## #.# #.##..###..###...## #.#
## .#.##..# #..##.....## #.## .#
.......###..#.......## #..##.##.
##.##...##...........####.)....#.
................)....'...........
##.##...##...........####........
#..........#.......## ##.......


You could see a two-headed ogre and an orc.

Vanquished Creatures
  Sigmund (D:6)
  The ghost of Linguinho the Chucker, an amateur TrHu (D:4)
  A water moccasin (D:5)
  A hornet zombie (D:8)
  A black bear (D:8)
  A necrophage (D:5)
  A centaur (D:5)
  5 ogres
  A bullfrog (D:7)
  A gnoll sergeant (D:7)
  A wyvern skeleton (D:8)
  9 scorpions
  2 howler monkeys (D:6)
  4 wights (D:6)
  A bullfrog zombie (D:7)
  A centaur zombie (Ossuary)
  4 human zombies (Ossuary)
  A jelly (D:7)
  6 orc priests
  Crazy Yiuf (D:6)
  2 bullfrog skeletons
  4 hounds
  3 orc wizards
  Jessica (D:3)
  Ijyb (D:4)
  Natasha (thrice) (D:3)
  3 iguanas
  7 worker ants
  A killer bee zombie (D:8)
  3 mummies (Ossuary)
  Robin (D:3)
  A howler monkey skeleton (D:4)
  6 gnolls
  8 scorpion zombies (Ossuary)
  13 adders
  2 shadow imps (D:8)
  4 oozes
  A worm (D:5)
  7 leopard geckos
  27 orcs
  4 ball pythons
  4 bats
  3 giant cockroaches
  6 hobgoblins
  19 jackals
  4 quokkas
  6 frilled lizards
  2 gnoll zombies (Ossuary)
  15 goblins
  2 goblin zombies (Ossuary)
  A hobgoblin zombie (Ossuary)
  5 kobolds
  A kobold zombie (Ossuary)
  A leopard gecko skeleton (D:4)
  A leopard gecko zombie (D:8)
  An orc zombie (Ossuary)
  A quokka skeleton (D:7)
  A quokka zombie (D:6)
  6 rats
225 creatures vanquished.

Vanquished Creatures (others)
  A goblin (D:3)
  A kobold zombie (Ossuary)
  An orc zombie (Ossuary)
3 creatures vanquished.

Grand Total: 228 creatures vanquished

Notes
Turn   | Place    | Note
-------+----------+-------------------------------------------
     0 | D:1      | Gremour the Minotaur Fighter began the quest for the Orb.
     0 | D:1      | Reached XP level 1. HP: 19/19 MP: 0/0
   180 | D:1      | Reached skill level 3 in Long Blades
   261 | D:1      | Reached XP level 2. HP: 26/26 MP: 1/1
   740 | D:2      | Reached skill level 4 in Long Blades
   749 | D:2      | Reached XP level 3. HP: 19/31 MP: 2/2
  1321 | D:2      | Reached skill level 5 in Long Blades
  1482 | D:2      | Reached XP level 4. HP: 25/39 MP: 3/3
  1834 | D:3      | Noticed Robin
  1971 | D:3      | Killed Robin
  2013 | D:3      | Reached skill level 6 in Long Blades
  2015 | D:3      | Reached XP level 5. HP: 41/45 MP: 4/4
  2036 | D:3      | Noticed Jessica
  2052 | D:3      | Killed Jessica
  2128 | D:3      | Reached skill level 7 in Long Blades
  2353 | D:3      | Noticed Natasha
  2363 | D:3      | Killed Natasha
  2829 | D:3      | Noticed Natasha
  2832 | D:3      | Killed Natasha
  2832 | D:3      | Reached XP level 6. HP: 42/51 MP: 5/5
  2896 | D:3      | Noticed Natasha
  2905 | D:3      | Killed Natasha
  3135 | D:4      | Reached skill level 8 in Long Blades
  3138 | D:4      | Noticed Ijyb
  3157 | D:4      | Noticed Linguinho's ghost (amateur TrHu)
  3179 | D:4      | Killed Linguinho's ghost
  3179 | D:4      | Reached skill level 9 in Long Blades
  3179 | D:4      | Reached XP level 7. HP: 18/57 MP: 6/6
  3181 | D:4      | Killed Ijyb
  3443 | D:4      | Found Estrast's General Store.
  3705 | D:4      | Found a sparkling altar of Nemelex Xobeh.
  3714 | D:4      | Found a hide-covered altar of Uskayaw.
  3714 | D:4      | Found a snail-covered altar of Cheibriados.
  3714 | D:4      | Found a shattered altar of Ashenzari.
  3719 | D:4      | Found a deep blue altar of Sif Muna.
  4247 | D:4      | Reached skill level 10 in Long Blades
  4636 | D:5      | Entered Level 5 of the Dungeon
  4786 | D:5      | Found a sand-covered staircase.
  4796 | Ossuary  | Entered an ossuary
  4838 | Ossuary  | Reached XP level 8. HP: 50/64 MP: 7/7
  4847 | Ossuary  | Reached skill level 11 in Long Blades
  5297 | Ossuary  | Reached skill level 5 in Shields
  5300 | Ossuary  | Reached skill level 12 in Long Blades
  6300 | D:6      | Found a staircase to the Ecumenical Temple.
  6308 | Temple   | Entered the Ecumenical Temple
  6387 | Temple   | Became a worshipper of Qazlal Stormbringer
  6445 | D:6      | Reached XP level 9. HP: 54/72 MP: 8/8
  6506 | D:6      | Noticed Sigmund
  6517 | D:6      | Killed Sigmund
  6517 | D:6      | Reached skill level 13 in Long Blades
  7016 | D:6      | Reached skill level 5 in Fighting
  7033 | D:6      | Reached skill level 5 in Armour
  7195 | D:6      | Found an ancient bone altar of Kikubaaqudgha.
  7217 | D:6      | Found a runed door.
  7221 | D:6      | Noticed Crazy Yiuf
  7227 | D:6      | Killed Crazy Yiuf
  7469 | D:7      | Reached * piety under Qazlal
  8724 | D:8      | Reached ** piety under Qazlal
  8816 | D:8      | Noticed a two-headed ogre
  8827 | D:8      | Mangled by a two-headed ogre

Skill      XL: |  1  2  3  4  5  6  7  8  9 |
---------------+----------------------------+-----
Long Blades    | 3 4 5 6 7 9 10 12 13 | 13.8
Shields        | 4 5 6 |  6.3
Fighting       | 4 7 |  7.0
Armour         | 4 5 |  5.6

Action                   |  1- 3 |  4- 6 |  7- 9 || total
-------------------------+-------+-------+-------++-------
Melee: Long sword        |    88 |   118 |   482 ||   688
       Headbutt          |     8 |    23 |   112 ||   143
Throw: Tomahawk          |       |     3 |       ||     3
Evoke: Wand              |       |       |     1 ||     1
  Use: Potion            |     2 |       |     1 ||     3
       Scroll            |       |       |    14 ||    14
 Stab: Held in net/web   |       |       |     1 ||     1
  Eat: Chunk             |     2 |     5 |    13 ||    20
       Meat ration       |       |       |     1 ||     1
       Fruit             |       |       |     1 ||     1
Armor: Scale mail        |    42 |    58 |    70 ||   170
       Leather armour    |       |       |    20 ||    20
Dodge: Dodged            |    20 |    41 |   102 ||   163
Block: Shield            |    49 |    16 |       ||    65
       Buckler           |       |    20 |   134 ||   154
       Reflection        |       |       |     3 ||     3
       Rpst.: Long sword |     3 |     7 |    25 ||    35
